[Event "Titled Tuesday Blitz July 25 Late 2023"]
[White "Floresvillar Gonzalez, Luis Migu"]
[Black "Sainz Aguirre, Ignacio"]
[WhiteFideId "5100542"]
[BlackFideId "5101727"]
[WhiteElo "2104"]
[BlackElo "1974"]
[Result "1-0"]
[Round "9"]
[TimeControl "180+2"]
[Date "2023.07.25"]
[WhiteClock "0:00:35"]
[BlackClock "0:00:00"]
[Board "128"]

1. e4 e6 2. b3 d5 3. Bb2 dxe4 4. Nc3 Nf6 5. g4 h6 6. Bg2 e5 7. h3 Nc6 8. Nge2 Bc5 9. Nxe4 Nxe4 10. Bxe4 Qf6 11. Rf1 h5 12. Bxc6+ bxc6 13. d4 Bb4+ 14. c3 Bd6 15. Ng3 hxg4 16. hxg4 Ba6 17. c4 Bb4+ 18. Ke2 O-O-O 19. a3 Be7 20. Nf5 exd4 21. Qd3 Bc5 22. Kd2 Rhe8 23. Rae1 Qg5+ 24. Kc2 Qxg4 25. Rxe8 Rxe8 26. b4 1-0


[Site "https://www.chess.com"]

[Event "Titled Tuesday Blitz July 25 Late 2023"]
[White "dorpato"]
[Black "Biliy, Vadim"]
[BlackFideId "14114127"]
[WhiteElo "2031"]
[BlackElo "2269"]
[Result "0-1"]
[Round "9"]
[TimeControl "180+2"]
[Date "2023.07.25"]
[WhiteClock "0:00:00"]
[BlackClock "0:00:30"]
[Board "129"]

1. e4 d6 2. d4 Nf6 3. Nc3 g6 4. Nf3 Bg7 5. Be2 O-O 6. O-O Nc6 7. h3 e5 8. Be3 exd4 9. Nxd4 Nd7 10. Nd5 Nc5 11. Bf3 Re8 12. Nc3 Ne6 13. Nxc6 bxc6 14. Qd3 a5 15. a3 Ba6 16. Qd2 Bxf1 17. Rxf1 Rb8 18. b3 c5 19. Nd5 Nd4 20. Bxd4 cxd4 21. Qxa5 c5 22. Qxd8 Rexd8 23. a4 Kf8 24. Rd1 Rdc8 25. Bg4 Rc6 26. Rd3 h5 27. Bd7 Ra6 28. Rf3 Ra7 29. Bb5 Kg8 30. Nf4 Kh7 31. Nd5 f6 32. g4 hxg4 33. hxg4 Rf8 34. Rh3+ Kg8 35. Bc4 Kf7 36. Nc7+ Ke7 37. Nb5 Rd7 38. Rh7 Kd8 39. Be6 Re7 40. Bd5 Kd7 41. Rh4 Rh8 0-1


[Site "https://www.chess.com"]

[Event "Titled Tuesday Blitz July 25 Late 2023"]
[White "Broca Jimenez, Fernando"]
[Black "Navyblue1"]
[WhiteFideId "5104742"]
[WhiteElo "2250"]
[BlackElo "1952"]
[Result "1-0"]
[Round "9"]
[TimeControl "180+2"]
[Date "2023.07.25"]
[WhiteClock "0:00:16"]
[BlackClock "0:00:00"]
[Board "130"]

1. e4 c5 2. c3 Nf6 3. e5 Nd5 4. d4 cxd4 5. Nf3 Nc6 6. Bc4 Nb6 7. Bb3 d5 8. exd6 Qxd6 9. cxd4 e6 10. O-O Be7 11. Nc3 O-O 12. d5 exd5 13. Nxd5 Nxd5 14. Qxd5 Qxd5 15. Bxd5 Bf6 16. Rd1 h6 17. h3 a5 18. g4 a4 19. Rb1 Nb4 20. Bc4 b5 21. Bxb5 Be6 22. a3 Na2 23. Be3 Rfb8 24. Bd7 Bxb2 25. Bxe6 fxe6 26. Bf4 Rb3 27. Nd2 Rb7 28. Be5 Bxe5 29. Rxb7 Nc3 30. Re1 Bf4 31. Ne4 Nd5 32. Nc5 Bd6 33. Nxe6 Bxa3 34. Rxg7+ Kh8 35. Rd7 1-0


[Site "https://www.chess.com"]

[Event "Titled Tuesday Blitz July 25 Late 2023"]
[White "Bhavikatti, Neil"]
[Black "OPQRC"]
[WhiteFideId "30935024"]
[WhiteElo "2418"]
[BlackElo "2607"]
[Result "1-0"]
[Round "9"]
[TimeControl "180+2"]
[Date "2023.07.25"]
[WhiteClock "0:00:01"]
[BlackClock "0:00:00"]
[Board "132"]

1. d4 d5 2. c4 e6 3. Nc3 Nf6 4. cxd5 exd5 5. Bg5 c6 6. Qc2 Bd6 7. e3 Nbd7 8. Bd3 Nf8 9. Nge2 Bg4 10. f3 Bh5 11. O-O Bg6 12. Bxf6 Qxf6 13. e4 Qh4 14. g3 Qh3 15. exd5 O-O-O 16. dxc6 h5 17. cxb7+ Kb8 18. Bxg6 Nxg6 19. Ne4 h4 20. Nxd6 Rxd6 21. Rac1 Qd7 22. Qc8+ Rxc8 23. bxc8=Q+ Qxc8 24. Rxc8+ Kxc8 25. Rc1+ Kb7 26. Kf2 h3 27. Ke3 Re6+ 28. Kd3 Rd6 29. f4 Ne7 30. Nc3 f5 31. Nb5 Rd7 32. Rc5 g6 33. Kc4 a6 34. Nc3 Nc8 35. d5 Re7 36. Kd4 Re1 37. Rc6 Rh1 38. Rxg6 Rxh2 39. Rh6 Rh1 40. Ke5 Ne7 41. d6 Nc6+ 42. Kxf5 Nd4+ 43. Kg4 h2 44. Ne4 Nc2 45. d7 Kc7 46. Rc6+ Kxc6 47. d8=Q Ne3+ 48. Kg5 Rd1 49. Qc8+ Kb6 50. Nc3 h1=Q 51. Nxd1 Nxd1 52. Qe6+ Kb5 53. Qb3+ Kc5 54. Qc2+ Kb6 55. Qg6+ Kb5 56. Qf5+ Kc4 57. Qe6+ Kd3 58. Qd6+ Kc2 59. b4 Qf1 60. Qc5+ Kb2 61. Qe5+ Nc3 62. f5 Qf3 63. Qf4 Qc6 64. f6 Qd5+ 65. Qf5 Qf7 66. Qg6 Qd5+ 67. Kh6 Qd2+ 68. Kg7 Qd4 69. Qg5 Ne4 70. Qf4 Kxa2 71. Kg6 Qd3 72. Qf5 Qd4 73. Kh7 Nd6 74. Qf2+ Kb3 75. Qxd4 1-0


[Site "https://www.chess.com"]

[Event "Titled Tuesday Blitz July 25 Late 2023"]
[White "Carrasco Miranda, Andres"]
[Black "Vafin, Ayrat"]
[WhiteFideId "3405990"]
[BlackFideId "4146530"]
[WhiteElo "2425"]
[BlackElo "2198"]
[Result "1-0"]
[Round "9"]
[TimeControl "180+2"]
[Date "2023.07.25"]
[WhiteClock "0:00:22"]
[BlackClock "0:00:07"]
[Board "133"]

1. d4 d5 2. c4 e6 3. Nf3 Nf6 4. g3 b6 5. cxd5 Nxd5 6. Bg2 Bb7 7. O-O Nf6 8. Nc3 Be7 9. Re1 O-O 10. e4 Nbd7 11. Bf4 c5 12. d5 exd5 13. exd5 h6 14. d6 Re8 15. dxe7 Rxe7 16. Rxe7 Qxe7 17. Qe1 Re8 18. Qxe7 Rxe7 19. Re1 Rxe1+ 20. Nxe1 Ba6 21. Nd5 Bc4 22. Nxf6+ Nxf6 23. b3 Bb5 24. Bb8 a6 25. Bc7 Nd7 26. Bh3 Nf6 27. Bxb6 c4 28. bxc4 Bxc4 29. a3 Nd5 30. Bd4 Nc7 31. Bf1 Bd5 32. Be5 Nb5 33. a4 Na7 34. Bxa6 Nc6 35. Bc3 f6 36. Bb7 Kf7 37. a5 Ke7 38. a6 Kd6 39. Nd3 Ne7 40. Bb4+ Kc7 41. Bxe7 Bxb7 42. axb7 Kxb7 43. Bf8 g6 44. Bxh6 f5 45. Ne5 Kc7 46. Nxg6 Kd6 47. Nf4 Ke5 48. Bg7+ Kd6 49. h4 Ke7 50. h5 Kf7 51. h6 Kg8 52. Kh2 Kh7 53. Kh3 Kg8 54. Kh4 Kh7 55. Kh5 Kg8 56. Bc3 Kh7 57. Kg5 Kg8 58. Kg6 Kf8 59. h7 Ke7 60. h8=Q Kd6 61. Qe5+ Kc6 62. Qd5+ Kb6 63. Bd4+ Kc7 64. Ne6+ Kc8 65. Qc6+ Kb8 66. Qc7+ Ka8 67. Qa7# 1-0


[Site "https://www.chess.com"]

[Event "Titled Tuesday Blitz July 25 Late 2023"]
[White "Duda, Jan-Krzysztof"]
[Black "Vachier-Lagrave, Maxime"]
[WhiteFideId "1170546"]
[BlackFideId "623539"]
[WhiteElo "3052"]
[BlackElo "3186"]
[Result "0-1"]
[Round "10"]
[TimeControl "180+2"]
[Date "2023.07.25"]
[WhiteClock "0:00:00"]
[BlackClock "0:00:28"]
[Board "1"]

1. Nf3 d5 2. c4 dxc4 3. e3 Nf6 4. Bxc4 e6 5. O-O Be7 6. d4 O-O 7. b3 a6 8. Bb2 b5 9. Be2 Bb7 10. a4 b4 11. Nbd2 Nbd7 12. Nc4 c5 13. Rc1 Rc8 14. Qd3 cxd4 15. Nxd4 Nc5 16. Qb1 Be4 17. Qa1 Nd5 18. Rfd1 Bf6 19. Nd2 Bg6 20. a5 Qe7 21. Bf1 Qb7 22. Rc4 Nd3 23. Rxc8 Rxc8 24. Bxd3 Bxd3 25. Rc1 h5 26. h3 h4 27. Nc4 Qb8 28. Qa2 Be4 29. Qa4 Nxe3 30. Nxe3 Rxc1+ 31. Bxc1 Bxd4 32. Bd2 Bc5 33. Qd7 Qd6 34. Qe8+ Kh7 35. Qxf7 Bg6 0-1


[Site "https://www.chess.com"]

[Event "Titled Tuesday Blitz July 25 Late 2023"]
[White "Fressinet, Laurent"]
[Black "Nakamura, Hikaru"]
[WhiteFideId "608742"]
[BlackFideId "2016192"]
[WhiteElo "2921"]
[BlackElo "3263"]
[Result "0-1"]
[Round "10"]
[TimeControl "180+2"]
[Date "2023.07.25"]
[WhiteClock "0:00:04"]
[BlackClock "0:01:07"]
[Board "2"]

1. d4 a6 2. e4 c6 3. Nf3 d5 4. e5 Bf5 5. Be2 e6 6. O-O h6 7. Nbd2 Ne7 8. Nb3 Nd7 9. a4 Qc7 10. a5 g5 11. Be3 Bg6 12. Ne1 Nf5 13. Nd3 O-O-O 14. Bd2 f6 15. exf6 Bd6 16. h3 Nxf6 17. Ndc5 Rde8 18. Bd3 Nh4 19. Re1 Bxd3 20. cxd3 Rhg8 21. f3 Bh2+ 22. Kh1 Nh5 23. Re5 Bxe5 24. dxe5 Ng3+ 25. Kg1 Qxe5 26. Nxb7 Kxb7 27. Nc5+ Ka8 28. Qa4 Qd4+ 29. Qxd4 Ne2+ 0-1


[Site "https://www.chess.com"]

[Event "Titled Tuesday Blitz July 25 Late 2023"]
[White "Carlsen, Magnus"]
[Black "Dardha, Daniel"]
[WhiteFideId "1503014"]
[BlackFideId "240990"]
[WhiteElo "3256"]
[BlackElo "2901"]
[Result "0-1"]
[Round "10"]
[TimeControl "180+2"]
[Date "2023.07.25"]
[WhiteClock "0:00:00"]
[BlackClock "0:00:18"]
[Board "3"]

1. e4 c5 2. Nc3 Nc6 3. f4 g6 4. Nf3 Bg7 5. a3 d6 6. Bc4 Nf6 7. d3 O-O 8. O-O a6 9. Ba2 b5 10. Qe1 b4 11. axb4 Nxb4 12. Bb1 e6 13. Ne2 d5 14. e5 Nd7 15. c3 Nc6 16. d4 a5 17. Be3 Ba6 18. dxc5 Qb8 19. Qd2 Rc8 20. Rf2 Bf8 21. Ned4 Nxc5 22. h4 Nxd4 23. Nxd4 Ne4 24. Bxe4 dxe4 25. h5 Bd3 26. Qd1 Bg7 27. Qg4 Ra6 28. Qh4 Rb6 29. Bc1 e3 30. Rf3 Rxb2 31. Bxb2 Qxb2 32. Qe1 Be4 33. Rg3 Rxc3 34. Ra2 Qxa2 35. Qxc3 Qf2+ 36. Kh2 Qxf4 37. Ne2 Qxe5 38. Qxe3 Qxh5+ 39. Kg1 Bd5 40. Nf4 Qd1+ 41. Kh2 Bd4 0-1


[Site "https://www.chess.com"]

[Event "Titled Tuesday Blitz July 25 Late 2023"]
[White "Nguyen, Ngoc Truong Son"]
[Black "Bluebaum, Matthias"]
[WhiteFideId "12401110"]
[BlackFideId "24651516"]
[WhiteElo "2892"]
[BlackElo "3053"]
[Result "1/2-1/2"]
[Round "10"]
[TimeControl "180+2"]
[Date "2023.07.25"]
[WhiteClock "0:00:09"]
[BlackClock "0:00:44"]
[Board "4"]

1. d4 d5 2. c4 e6 3. Nc3 Bb4 4. cxd5 exd5 5. Bf4 c5 6. e3 c4 7. Ne2 Nc6 8. h3 h6 9. g4 Nge7 10. Bg2 Be6 11. b3 b5 12. O-O a6 13. bxc4 bxc4 14. Qa4 O-O 15. Rab1 Qa5 16. Qxa5 Bxa5 17. Rfd1 Rfd8 18. e4 Rac8 19. Be3 dxe4 20. Bxe4 Nd5 21. Bxd5 Bxd5 22. Nxd5 Rxd5 23. Rbc1 Ne7 24. Nf4 Rd7 25. d5 Bb4 26. Rd4 Bd6 27. Rdxc4 Rxc4 28. Rxc4 Bxf4 29. Bxf4 Nxd5 30. Rd4 f6 31. Bd2 Kf7 32. Ra4 Nb6 33. Rxa6 Rxd2 34. Rxb6 Rxa2 35. Kg2 Kg6 36. Kg3 h5 37. Rb5 Ra3+ 38. Kg2 hxg4 39. hxg4 Rc3 40. f3 Kf7 1/2-1/2


[Site "https://www.chess.com"]

[Event "Titled Tuesday Blitz July 25 Late 2023"]
[White "Anton Guijarro, David"]
[Black "Naroditsky, Daniel"]
[WhiteFideId "2285525"]
[BlackFideId "2026961"]
[WhiteElo "2974"]
[BlackElo "3140"]
[Result "1-0"]
[Round "10"]
[TimeControl "180+2"]
[Date "2023.07.25"]
[WhiteClock "0:00:09"]
[BlackClock "0:00:03"]
[Board "5"]

1. d4 Nf6 2. Nf3 g6 3. Bg5 Bg7 4. Nbd2 O-O 5. e4 d5 6. exd5 Nxd5 7. c3 Nd7 8. Bc4 N5b6 9. Bb3 c5 10. O-O cxd4 11. Nxd4 Nc5 12. Re1 Re8 13. N2f3 Nxb3 14. Qxb3 h6 15. Bh4 Qc7 16. Nb5 Qc5 17. Bg3 e5 18. Qb4 Qxb4 19. cxb4 Nd5 20. Bxe5 Bg4 21. Bxg7 Rxe1+ 22. Rxe1 Kxg7 23. Ne5 Be6 24. a3 Rc8 25. Nd4 Bf5 26. g4 Be6 27. Nxe6+ fxe6 28. Nd3 Rc2 29. Nc5 Rxb2 30. Nxb7 Nf4 31. Nc5 Kf6 32. h4 g5 33. Ne4+ Kg6 34. hxg5 hxg5 35. Nc5 Kf6 36. Re3 Ra2 37. b5 Rb2 38. a4 Rb4 39. Ra3 Rc4 40. Nd7+ Ke7 41. Ne5 Rc1+ 42. Kh2 Kd6 43. Nc6 a6 44. Nd4 axb5 45. Nxb5+ Ke7 46. a5 Rc2 47. a6 Rxf2+ 48. Kg1 Rg2+ 49. Kf1 Rh2 50. a7 Rh1+ 51. Kf2 Rh2+ 52. Kg1 Rh8 53. a8=Q Rxa8 54. Rxa8 Kf6 55. Ra5 Nd5 56. Ra4 Nf4 57. Kh2 Ke5 58. Kg3 Ne2+ 59. Kf2 Nf4 60. Na7 Nd3+ 61. Kg3 Kf6 62. Ra5 Ne5 63. Nc8 Nc4 64. Ra4 Nd2 65. Nd6 Ke5 66. Nc4+ Nxc4 67. Rxc4 Kd5 68. Ra4 Ke5 69. Kf3 Kf6 70. Ke4 1-0


[Site "https://www.chess.com"]

[Event "Titled Tuesday Blitz July 25 Late 2023"]
[White "He, Anthony"]
[Black "Nihal Sarin"]
[WhiteFideId "2088215"]
[BlackFideId "25092340"]
[WhiteElo "2982"]
[BlackElo "3075"]
[Result "0-1"]
[Round "10"]
[TimeControl "180+2"]
[Date "2023.07.25"]
[WhiteClock "0:01:39"]
[BlackClock "0:02:38"]
[Board "6"]

1. d4 d5 2. Nc3 e6 3. Bf4 Nf6 4. Nb5 Bb4+ 5. c3 Ba5 6. b4 Bb6 7. a4 a5 8. e3 O-O 9. Bd3 c6 10. Na3 Nbd7 11. Nf3 Bc7 12. Bg3 Re8 13. b5 e5 14. dxe5 Nxe5 15. Nxe5 Bxe5 16. Bxe5 Rxe5 17. O-O Qe7 18. c4 Bg4 19. Qc2 Rd8 20. bxc6 bxc6 21. cxd5 Rexd5 22. Bc4 Rd2 23. Qb3 h5 24. h3 Bf5 25. Nb1 Bxb1 26. Raxb1 Ne4 27. Qb7 Qxb7 28. Rxb7 Nd6 29. Ba6 Nxb7 30. Bxb7 c5 31. Bf3 h4 32. Rc1 Rc8 33. Rc4 Rb2 34. Rxh4 c4 35. Bg4 Rc7 36. Bf5 g6 37. Be4 c3 38. Rg4 Rb4 39. Bc2 Rxg4 40. hxg4 Rb7 41. Kf1 Rb2 0-1


[Site "https://www.chess.com"]

[Event "Titled Tuesday Blitz July 25 Late 2023"]
[White "Fedoseev, Vladimir"]
[Black "Svane, Rasmus"]
[WhiteFideId "24130737"]
[BlackFideId "4657101"]
[WhiteElo "3069"]
[BlackElo "2964"]
[Result "1-0"]
[Round "10"]
[TimeControl "180+2"]
[Date "2023.07.25"]
[WhiteClock "0:00:29"]
[BlackClock "0:00:13"]
[Board "7"]

1. g3 d5 2. Bg2 e5 3. d3 Nf6 4. Nd2 c6 5. e4 Bd6 6. Ngf3 O-O 7. O-O Re8 8. a3 a5 9. b3 Nbd7 10. Bb2 Nf8 11. Re1 Ng6 12. d4 exd4 13. exd5 Rxe1+ 14. Qxe1 c5 15. Nc4 Bf5 16. c3 dxc3 17. Bxc3 Bf8 18. Bxa5 Qb8 19. Nb6 Ra6 20. Bf1 Ra7 21. b4 cxb4 22. axb4 Be4 23. Ng5 Bf5 24. Qe3 h6 25. Nxf7 Kxf7 26. Rc1 Bd6 27. Nc4 Ra8 28. Qb6 Bf8 29. d6 Be6 30. Bg2 Nd7 31. Qc7 b5 32. Nb6 Ra7 33. Qxb8 Nxb8 34. Bd5 Bxd5 35. Rc7+ Ke6 36. Rxa7 Nc6 37. d7 Be7 38. Ra6 Nge5 39. Nxd5 Kxd5 40. Rb6 Nxd7 41. Rxb5+ Ke6 42. Rb7 Nde5 43. Bc7 Nxb4 44. Bxe5 Nc6 45. Bxg7 Bb4 46. Bxh6 Bd2 47. Bxd2 Nd4 48. Kg2 Ne2 49. Rb4 Nf4+ 50. Rxf4 Kd5 51. h4 Kc5 52. h5 Kd5 53. h6 Ke6 54. h7 Kd6 55. h8=Q Kd7 56. Qf6 Kc7 57. Rg4 Kb7 58. Rg7+ Ka8 59. Qf8# 1-0


[Site "https://www.chess.com"]

[Event "Titled Tuesday Blitz July 25 Late 2023"]
[White "Lenderman, Aleksandr"]
[Black "Andreikin, Dmitry"]
[WhiteFideId "2021285"]
[BlackFideId "4158814"]
[WhiteElo "2897"]
[BlackElo "3034"]
[Result "0-1"]
[Round "10"]
[TimeControl "180+2"]
[Date "2023.07.25"]
[WhiteClock "0:00:21"]
[BlackClock "0:00:03"]
[Board "9"]

1. Nf3 b5 2. e4 Bb7 3. Bxb5 Bxe4 4. d4 c6 5. Be2 Nf6 6. O-O e6 7. c4 d5 8. Nc3 Bxf3 9. Bxf3 Bd6 10. Bg5 O-O 11. Qb3 Nbd7 12. c5 Bc7 13. Qb7 Qc8 14. Qxc8 Rfxc8 15. b4 e5 16. b5 exd4 17. bxc6 dxc3 18. cxd7 Nxd7 19. Bxd5 Rab8 20. c6 Nb6 21. Bb3 Bd6 22. Rfd1 Rxc6 23. Rd3 h6 24. Be3 Ba3 25. Re1 Bb2 26. g3 Re8 27. Rf1 Rxe3 28. fxe3 c2 29. Rd8+ Kh7 30. Bxc2+ Rxc2 31. Rxf7 Bf6 32. Rd6 Bg5 33. Re6 Nc4 34. e4 Rxa2 35. h4 Be3+ 36. Kh1 Bd4 37. h5 Ne5 38. Rf8 Ng4 39. Rf2 Rxf2 40. Rxh6+ Kxh6 41. e5 Kxh5 42. e6 Rh2# 0-1


[Site "https://www.chess.com"]

[Event "Titled Tuesday Blitz July 25 Late 2023"]
[White "Bortnyk, Olexandr"]
[Black "Mahdavi, Reza"]
[WhiteFideId "14120828"]
[BlackFideId "12595926"]
[WhiteElo "3014"]
[BlackElo "2803"]
[Result "1-0"]
[Round "10"]
[TimeControl "180+2"]
[Date "2023.07.25"]
[WhiteClock "0:00:57"]
[BlackClock "0:00:00"]
[Board "10"]

1. e4 c5 2. c3 Nf6 3. e5 Nd5 4. d4 cxd4 5. Nf3 d6 6. cxd4 Nc6 7. Bc4 e6 8. O-O Nb6 9. Bb5 Bd7 10. Nc3 Nb4 11. Bg5 Be7 12. Bxd7+ Qxd7 13. Ne4 Nc8 14. exd6 Bxd6 15. Bf6 Kf8 16. Ne5 Bxe5 17. dxe5 Qxd1 18. Rfxd1 Nd5 19. Bh4 h6 20. f4 Nce7 21. Rac1 Nf5 22. Bf2 Nxf4 23. Rc7 Nd5 24. Rxb7 g5 25. g4 Nfe7 26. Bc5 Rc8 27. Rxd5 exd5 28. Bxe7+ Kg7 29. Bf6+ Kg6 30. Bxh8 dxe4 31. Bf6 e3 32. Kf1 Rc2 33. Rb8 h5 34. Rg8+ Kh7 35. Rh8+ Kg6 36. Rxh5 1-0


[Site "https://www.chess.com"]

[Event "Titled Tuesday Blitz July 25 Late 2023"]
[White "Jaracz, Pawel"]
[Black "Paravyan, David"]
[WhiteFideId "1102222"]
[BlackFideId "4194985"]
[WhiteElo "2727"]
[BlackElo "3010"]
[Result "0-1"]
[Round "10"]
[TimeControl "180+2"]
[Date "2023.07.25"]
[WhiteClock "0:00:00"]
[BlackClock "0:00:17"]
[Board "11"]

1. Nf3 Nf6 2. c4 c5 3. Nc3 Nc6 4. e3 e6 5. d4 d5 6. cxd5 exd5 7. Bb5 cxd4 8. Nxd4 Bd7 9. O-O Bd6 10. Nf3 Be6 11. b3 O-O 12. Bb2 Rc8 13. Rc1 a6 14. Bxc6 Rxc6 15. Nd4 Rc7 16. Nce2 Ne4 17. Nf4 Rxc1 18. Qxc1 Qd7 19. Qd1 Rc8 20. Qh5 g6 21. Qe2 Bb4 22. a3 Bc3 23. Bxc3 Rxc3 24. f3 Nd6 25. Qd2 Rc8 26. Rd1 Nb5 27. a4 Nxd4 28. Qxd4 Qc7 29. h4 Qc3 30. Qxc3 Rxc3 31. Rd3 Rc1+ 32. Kh2 Rb1 33. Ne2 a5 34. Nd4 Kf8 35. g4 Ke7 36. g5 Kd6 37. Rc3 Bd7 38. Kg3 Rb2 39. Rd3 Rb1 40. Rc3 Rd1 41. f4 Rd2 42. Nf3 Rb2 43. Ne5 Be6 44. Rd3 Kc5 45. Rc3+ Kb4 46. Rc7 Rxb3 47. Rxb7+ Kxa4 48. Ra7 Rxe3+ 49. Kf2 Re4 50. Kf3 Kb5 51. Nxf7 Kb6 0-1


[Site "https://www.chess.com"]

[Event "Titled Tuesday Blitz July 25 Late 2023"]
[White "Martinez Alcantara, Jose Eduardo"]
[Black "Elsa167"]
[WhiteFideId "3805662"]
[WhiteElo "3009"]
[BlackElo "2786"]
[Result "1-0"]
[Round "10"]
[TimeControl "180+2"]
[Date "2023.07.25"]
[WhiteClock "0:01:00"]
[BlackClock "0:00:00"]
[Board "12"]

1. e4 c5 2. Nf3 d6 3. c3 Nf6 4. h3 g6 5. Bd3 Bg7 6. Bc2 O-O 7. d4 cxd4 8. cxd4 Nc6 9. O-O e5 10. d5 Ne7 11. Nc3 a6 12. a4 h6 13. Nd2 Nd7 14. Nc4 Nb6 15. Na3 f5 16. a5 Nd7 17. Nc4 Nf6 18. b3 f4 19. Ba3 Ne8 20. Na4 f3 21. Nab6 Rb8 22. Nxc8 Rxc8 23. g3 h5 24. Kh2 h4 25. Rg1 Bh6 26. Qd3 hxg3+ 27. fxg3 g5 28. Rgf1 g4 29. hxg4 f2 30. Kg2 Nf6 31. Bd1 Rxc4 32. bxc4 Qd7 33. Rxf2 Nxg4 34. Rxf8+ Kh7 35. Rf7+ 1-0


[Site "https://www.chess.com"]

[Event "Titled Tuesday Blitz July 25 Late 2023"]
[White "Leitao, Rafael"]
[Black "Grischuk, Alexander"]
[WhiteFideId "2101246"]
[BlackFideId "4126025"]
[WhiteElo "2805"]
[BlackElo "3019"]
[Result "1-0"]
[Round "10"]
[TimeControl "180+2"]
[Date "2023.07.25"]
[WhiteClock "0:00:20"]
[BlackClock "0:00:04"]
[Board "13"]

1. c4 e5 2. Nc3 d6 3. g3 f5 4. d4 Be7 5. Bg2 Nf6 6. Nf3 e4 7. Ng5 c6 8. d5 Na6 9. h4 O-O 10. Nh3 Ng4 11. Bf4 Ne5 12. b3 Bf6 13. Rc1 Nc7 14. Bg5 c5 15. Qd2 Bd7 16. O-O b5 17. cxb5 Nxb5 18. Nxb5 Bxb5 19. Rfe1 a5 20. Qc2 h6 21. Bxf6 Qxf6 22. Nf4 g5 23. Ne6 Rf7 24. hxg5 hxg5 25. Qd2 f4 26. Bxe4 Bd7 27. Kg2 Re8 28. Rh1 f3+ 29. exf3 Nxf3 30. Qe3 Nd4 31. Qxg5+ Qxg5 32. Nxg5 Rg7 33. f4 Rxg5 34. fxg5 Kg7 35. Rh7+ Kg8 36. Rxd7 Rxe4 37. Rf1 Re2+ 38. Kh3 Rxa2 39. g6 a4 40. g7 1-0


[Site "https://www.chess.com"]

[Event "Titled Tuesday Blitz July 25 Late 2023"]
[White "Pranav, V"]
[Black "Ashraf, Artin"]
[WhiteFideId "25060783"]
[BlackFideId "22514805"]
[WhiteElo "3015"]
[BlackElo "2855"]
[Result "1-0"]
[Round "10"]
[TimeControl "180+2"]
[Date "2023.07.25"]
[WhiteClock "0:00:29"]
[BlackClock "0:00:33"]
[Board "14"]

1. e4 c5 2. Nf3 d6 3. c3 Nf6 4. Bd3 Nc6 5. h3 g6 6. O-O Bg7 7. Bc2 O-O 8. Re1 e5 9. a3 d5 10. exd5 Nxd5 11. d3 b6 12. Nbd2 Bb7 13. Nc4 Re8 14. Bg5 Qd7 15. Qd2 h6 16. Bxh6 Nf4 17. Bxf4 exf4 18. Qxf4 Ne7 19. Nce5 Bxe5 20. Nxe5 Qd5 21. f3 Nf5 22. Ng4 Kg7 23. d4 cxd4 24. Bxf5 Qxf5 25. Qxd4+ f6 26. Qd6 Qc5+ 27. Qxc5 bxc5 28. Rad1 Bc6 29. Rxe8 Rxe8 30. Rd6 Bb5 31. a4 Bxa4 32. Ra6 Re1+ 33. Kf2 Re2+ 34. Kg3 Bb5 35. Rxa7+ Kf8 36. Nxf6 Rxb2 37. Rb7 Rb3 38. Ne4 c4 39. Nc5 Ba6 40. Rxb3 1-0


[Site "https://www.chess.com"]

[Event "Titled Tuesday Blitz July 25 Late 2023"]
[White "Panesar Vedant"]
[Black "Kollars, Dmitrij"]
[WhiteFideId "35033018"]
[BlackFideId "12909572"]
[WhiteElo "2719"]
[BlackElo "2989"]
[Result "1/2-1/2"]
[Round "10"]
[TimeControl "180+2"]
[Date "2023.07.25"]
[WhiteClock "0:00:11"]
[BlackClock "0:00:15"]
[Board "15"]

1. d4 Nf6 2. c4 g6 3. Nc3 Bg7 4. e4 O-O 5. Be2 d6 6. Be3 Nc6 7. d5 Ne5 8. f4 Neg4 9. Bd2 Nh6 10. Nf3 c6 11. a4 cxd5 12. cxd5 Bd7 13. O-O Rc8 14. h3 Nh5 15. Qe1 Qb6+ 16. Kh2 Qxb2 17. Rb1 Qa3 18. Nb5 Bxb5 19. axb5 f5 20. Ng5 fxe4 21. Bxh5 gxh5 22. Qxe4 Nf5 23. Qe6+ Kh8 24. Nf7+ Rxf7 25. Rf3 Qa2 26. Qxc8+ Rf8 27. Qc1 Qxd5 28. Bc3 Nd4 29. Rg3 e5 30. Qd1 Qe4 31. Bxd4 exd4 32. Rbb3 Qxf4 33. Rf3 Qe5 34. Rxf8+ Bxf8 35. Qf3 Bg7 36. Qxb7 h6 37. Qc8+ Kh7 38. Qc2+ Kg8 39. h4 d5 40. Qc8+ Kh7 41. Qc2+ Qe4 42. Qc7 Qxh4+ 43. Kg1 Qf6 44. Rf3 Qe6 45. Qf4 Qe1+ 46. Rf1 Qe3+ 47. Kh1 Qxf4 48. Rxf4 d3 49. Rf3 d2 50. Rd3 Bc3 51. Rxd5 Kg6 52. Kg1 Kf6 53. Kf1 Ke6 54. Rd3 Kf5 55. Ke2 Ba5 56. Rd5+ Kg4 57. Rd6 Kg5 58. Rd7 Bb6 59. Kxd2 Kf4 60. Ke2 h4 61. Rh7 Kg3 62. Rg7+ Kf4 63. Rg6 h5 64. Kf1 Be3 65. Rg7 Bb6 66. Ke2 Bc5 67. Kd3 Bb6 68. Rg6 Kf5 69. Rg8 Kf4 70. Kc4 Bf2 71. Kd3 Bb6 72. Rh8 Kg4 73. Ke4 Kg3 74. Rg8+ Kf2 75. Rg5 Bc7 76. Rxh5 Bg3 77. Rh7 Kxg2 78. Rxa7 h3 79. Rh7 h2 80. Rxh2+ Kxh2 81. b6 Bb8 82. b7 Kg3 83. Kd5 Kf4 84. Kc6 Ke5 85. Kd7 Kd5 86. Kc8 Bh2 87. b8=Q Bxb8 1/2-1/2


[Site "https://www.chess.com"]

[Event "Titled Tuesday Blitz July 25 Late 2023"]
[White "Xiong, Jeffery"]
[Black "Sabuk, Piotr"]
[WhiteFideId "2047640"]
[BlackFideId "1137565"]
[WhiteElo "2981"]
[BlackElo "2690"]
[Result "1-0"]
[Round "10"]
[TimeControl "180+2"]
[Date "2023.07.25"]
[WhiteClock "0:01:13"]
[BlackClock "0:00:02"]
[Board "16"]

1. e4 e5 2. Nf3 Nc6 3. Bc4 Nf6 4. d3 Be7 5. O-O O-O 6. Re1 d6 7. a4 Kh8 8. Nc3 Bg4 9. h3 Bh5 10. Be3 Nd4 11. Bxd4 exd4 12. Nd5 Nxd5 13. Bxd5 c6 14. Bb3 Qd7 15. g4 Bxg4 16. hxg4 Qxg4+ 17. Kh1 f5 18. e5 Qh3+ 19. Nh2 dxe5 20. Qf3 Qh4 21. Qg3 Qxg3 22. fxg3 Bd6 23. Nf3 Rae8 24. Ng5 Re7 25. Kg2 g6 26. Rh1 e4 27. Rh4 exd3 28. cxd3 Re2+ 29. Kf1 Re7 30. Kf2 h5 31. Nf3 c5 32. Rhh1 Kg7 33. Rhe1 Rfe8 34. a5 Kf6 35. a6 b6 36. Ba4 Rxe1 37. Rxe1 Rxe1 38. Nxe1 g5 39. Nc2 g4 40. Na3 f4 41. gxf4 Bxf4 42. Bd7 Kg5 43. Nb5 Bb8 44. b4 h4 45. bxc5 bxc5 46. Na3 h3 47. Bc6 Kh4 48. Nc4 g3+ 49. Kf1 g2+ 50. Bxg2 hxg2+ 51. Kxg2 Kg4 52. Kf2 Kf4 53. Ke2 Kf5 54. Kf3 Bc7 55. Nd2 Ke5 56. Kg4 Kd5 57. Kf5 Kc6 58. Ke6 Kb5 59. Kd7 Bb6 60. Nc4 Kxa6 61. Kc6 Bd8 62. Kxc5 Bb6+ 63. Kc6 Bd8 64. Nd6 Bb6 65. Nb7 Ba5 66. Nc5# 1-0


[Site "https://www.chess.com"]

[Event "Titled Tuesday Blitz July 25 Late 2023"]
[White "Zhigalko, Sergei"]
[Black "Tarhan, Adar"]
[WhiteFideId "13502956"]
[BlackFideId "34544712"]
[WhiteElo "2887"]
[BlackElo "2616"]
[Result "1-0"]
[Round "10"]
[TimeControl "180+2"]
[Date "2023.07.25"]
[WhiteClock "0:00:24"]
[BlackClock "0:01:34"]
[Board "17"]

1. e4 c6 2. d4 d5 3. e5 Bf5 4. Nf3 e6 5. Be2 c5 6. Be3 Nc6 7. dxc5 Nge7 8. c3 Bg4 9. Nbd2 Bxf3 10. Nxf3 Ng6 11. Bd4 Qa5 12. b4 Qa3 13. O-O Be7 14. Qb3 Qxb3 15. axb3 Kd7 16. b5 Nxd4 17. cxd4 Rhc8 18. g3 f6 19. Bd3 Nf8 20. Ra2 Kc7 21. Rfa1 Kb8 22. b6 a6 23. b4 Nd7 24. exf6 Bxf6 25. Re1 Re8 26. Bxh7 e5 27. Bf5 e4 28. Bxd7 Rd8 29. Bg4 exf3 30. Rd1 1-0


[Site "https://www.chess.com"]